 Dungeon Crawl Stone Soup version 0.27-a0-1189-gb8eb6cee8e (webtiles) character file.

Game seed: 3142413187894468455

58 leviel the Skirmisher (level 4, -1/29 HPs)
             Began as a Gargoyle Fighter on May 22, 2021.
             Killed from afar by an orc wizard (3 damage)
             ... with a puff of flame
             ... on level 3 of the Dungeon.
             The game lasted 00:01:19 (1938 turns).

leviel the Skirmisher (Gargoyle Fighter)            Turns: 1938, Time: 00:01:19

Health: -1/29      AC: 10    Str: 20    XL:     4   Next: 2%
Magic:  4/4        EV:  7    Int:  9    God:
Gold:   78         SH:  9    Dex:  9    Spells: 3/3 levels left

rFire    . . .     SeeInvis .   a - +0 flail
rCold    . . .     Faith    .   c - +0 kite shield
rNeg     + . .     Spirit   .   b - +0 scale mail
rPois    ∞         Reflect  .   (no helmet)
rElec    +         Harm     .   (no cloak)
rCorr    .         Rampage  .   (no gloves)
Will     .....                  (no boots)
Stlth    ..........             (no amulet)
HPRegen  0.09/turn              (no ring)
MPRegen  0.09/turn              (no ring)

@: no status effects
A: sickness immunity, AC +3, negative energy resistance 1, electricity
resistance, torment resistance 1, petrification resistance
a: no special abilities


You were on level 3 of the Dungeon.
You visited 1 branch of the dungeon, and saw 3 of its levels.

You collected 78 gold pieces.

Inventory:

Hand Weapons
 a - a +0 flail (weapon)
Armour
 b - a +0 scale mail (worn)
 c - a +0 kite shield (worn)
Scrolls
 e - a scroll of amnesia {unknown}
 f - a scroll of vulnerability {unknown}
 g - a scroll of immolation {unknown}
 h - a scroll of identify {unknown}
 i - a scroll of noise {unknown}
Potions
 d - 3 potions of might


   Skills:
 - Level 3.7 Fighting
 + Level 3.1 Maces & Flails
 - Level 3.7 Armour
 - Level 0.1 Dodging
 - Level 3.6 Shields


You had 3 spell levels left.
You didn't know any spells.
Your spell library contained the following spells:

 Spells                   Type           Power      Damage    Failure   Level
 Magic Dart               Conj           0%         1d3       99%         1
 Blink                    Tloc           N/A        N/A       100%        2
 Call Imp                 Summ           0%         N/A       100%        2
 Slow                     Hex            0%         N/A       100%        2
 Conjure Flame            Conj/Fire      0%         6-21      100%        3
 Mephitic Cloud           Conj/Pois/Air  0%         N/A       100%        3


Dungeon Overview and Level Annotations

Branches:
Dungeon (3/15)

Altars:
Sif Muna
Vehumet

Annotations:
D:3 Terence


Innate Abilities, Weirdness & Mutations

You are immune to sickness and miasma.
Your stone body is resilient. (AC +3)
You are immune to poison.
You resist negative energy. (rN+)
You are resistant to electric shocks. (rElec)
You are resistant to unholy torment.
You are immune to petrification.


Message History

You sock the orc priest!
The orc priest is severely wounded.
You hear the slow rusting of a very distant drain.
The orc hits you but does no damage.
A ball python comes into view.
The orc priest calls down the wrath of Beogh upon you.
Beogh smites you! You block the orc's attack.
The ball python hisses angrily.
You barely miss the orc priest.
The orc priest is severely wounded.
The orc priest calls down the wrath of Beogh upon you.
Pain shoots through your body! The orc barely misses you.
The orc hits you but does no damage. You block the orc priest's attack.
The orc hits you but does no damage. The orc hits you with a +0 hand axe.
You barely miss the orc priest.
The orc priest is severely wounded.
Terence the Incautious comes into view.
He is wielding a +0 mace.
The orc priest looks satisfied for a moment.
The orc hits you with a +0 hand axe.
Terence shouts!
You hit the orc priest but do no damage.
The orc priest is severely wounded.
The orc priest hits you but does no damage.
The orc hits you but does no damage.
The orc wizard points at itself and mumbles some strange words.
The orc wizard flickers and vanishes!
Deactivating autopickup; reactivate with Ctrl-A.
You block the orc priest's attack. You block the orc's attack.
You closely miss the orc priest.
The orc priest is severely wounded.
Something hits you.
* * * LOW HITPOINT WARNING * * *
The orc priest calls down the wrath of Beogh upon you.
Pain shoots through your body!
* * * LOW HITPOINT WARNING * * *
The orc hits you but does no damage.
You hear some strange, mumbled words.
A puff of flame appears from out of thin air!
The puff of flame hits you.
You die...

#....°..#
####.≈≈≈≈≈.#
....≈○○≈≈.#
#..§≈_.§.#
#.≈≈≈≈≈.# ###
#.≈§≈≈≈.#
.....#{o.....#
#@Soo@...#
#.####.#.#
#.#.# ..#.#
####.# #.# #.#
###.# ##.#.#


You could see Terence, an orc priest, 2 orcs and a ball python.

Vanquished Creatures
  2 adders (D:2)
  2 worms (D:2)
  A dart slug (D:1)
  2 endoplasms
  2 giant cockroaches
  3 goblins (D:1)
  2 hobgoblins (D:1)
  2 jackals (D:1)
  A kobold (D:1)
  A quokka (D:2)
  4 ball pythons
  4 bats
  3 frilled lizards
  3 rats (D:1)
32 creatures vanquished.

Notes
Turn   | Place    | Note
-------+----------+-------------------------------------------
     0 | D:1      | leviel the Gargoyle Fighter began the quest for the Orb.
     0 | D:1      | Reached XP level 1. HP: 14/14 MP: 1/1
   369 | D:1      | Reached XP level 2. HP: 19/19 MP: 2/2
  1084 | D:1      | Reached XP level 3. HP: 24/24 MP: 3/3
  1465 | D:2      | Found a faded altar of an unknown god.
  1610 | D:2      | Found a radiant altar of Vehumet.
  1769 | D:2      | Reached XP level 4. HP: 29/29 MP: 4/4
  1926 | D:3      | Found a shimmering blue altar of Sif Muna.
  1936 | D:3      | Noticed Terence
  1938 | D:3      | Killed from afar by an orc wizard

Illustrated notes

Levels and vault maps discovered:
D:1:      dpeg_arrival_boxes_within_box, layout_basic
D:2:      layout_rooms, shapermc_ecumenical_altar_gd, basic_altar
D:3:      layout_loops_corners, nicolae_sif_muna_condensation,
          chequers_temple_overflow_statue_of_worship, trog_wizard,
          portal_sewer_entry_e, grunt_ministairs_13, uniq_terence, uniq_sigmund

Skill      XL: |  1  2  3 |
---------------+----------+-----
Maces & Flails | 3 |  3.1
Fighting       | |  3.7
Armour         | |  3.7
Dodging        | |  0.1
Shields        | |  3.6

Action                   |  1- 3 |  4- 6 || total
-------------------------+-------+-------++-------
Melee: Flail             |   123 |     8 ||   131
Armor: Scale mail        |    77 |     7 ||    84
Dodge: Dodged            |    50 |     3 ||    53
Block: Kite shield       |    82 |     4 ||    86

Table legend: (Time is in decaauts)
 A = Elapsed time spent in this place.
 B = Non-inter-level travel time spent in this place.
 C = Inter-level travel time spent in this place.
 D = Time resting spent in this place.
 E = Time spent auto-exploring this place.
 F = Levels seen in this place.
 G = Mean time per level.
                   A        B        C        D        E       F      G
               +--------+--------+--------+--------+--------+-----+--------+
         Total |   2004 |   1944 |     60 |    310 |   1333 |   3 |  668.0 |
       Dungeon |   2004 |   1944 |     60 |    310 |   1333 |   3 |  668.0 |
               +--------+--------+--------+--------+--------+-----+--------+

Top non-repeatable levels by time:
     D:1: 1267 daAuts
     D:2: 682 daAuts
     D:3: 55 daAuts
